 Dungeon Crawl Stone Soup version 0.31.0-32-g396128a36d (webtiles) character file.

Game seed: 12202497253495528439

26 PaiMei the Grave Robber (level 2, -5/19 HPs)
             Began as a Demonspawn Necromancer on Apr 2, 2024.
             Slain by an iguana (8 damage)
             ... on level 4 of the Dungeon.
             The game lasted 00:01:13 (1220 turns).

PaiMei the Grave Robber (Demonspawn Necromancer)    Turns: 1220, Time: 00:01:13

Health: -5/19      AC:  2    Str:  8    XL:     2   Next: 89%
Magic:  0/5        EV: 12    Int: 15    God:
Gold:   12         SH:  0    Dex: 13    Spells: 4/5 levels left

rFire   . . .        c - +0 hand axe
rCold   . . .        (no shield)
rNeg    . . .        a - +0 robe
rPois   .            (no helmet)
rElec   .            (no cloak)
rCorr   .            (no gloves)
SInv    .            (no boots)
Will    .....        (no amulet)
Stlth   ++           (no ring)
HPRegen 0.23/turn    (no ring)
MPRegen 0.09/turn

%: no passive effects
@: mighty
A: powered by pain 1
a: no special abilities


You were on level 4 of the Dungeon.
You visited 1 branch of the dungeon, and saw 3 of its levels.

You collected 12 gold pieces.

Inventory:

Hand Weapons
 c - a +0 hand axe (weapon)
Armour
 a - a +0 robe (worn)
Scrolls
 d - 2 scrolls of identify {unknown}
 f - a scroll of enchant weapon {unknown}
 h - 3 scrolls of enchant armour {unknown}
Potions
 b - a potion of magic
 e - a potion of berserk rage {unknown}
 g - a potion of haste {unknown}


   Skills:
 + Level 2.1 Dodging
 + Level 2.2 Stealth
 + Level 2.3 Spellcasting
 + Level 4.6 Necromancy


You had 4 spell levels left.
You knew the following spells:

 Your Spells              Type           Power      Damage    Failure   Level
a - Necrotise             Necr           60%        1d7       3%          1

Your spell library contained the following spells:

 Spells                   Type           Power      Damage    Failure   Level
 Vampiric Draining        Necr           15%        2d7       10%         3
 Animate Dead             Necr           15%        N/A       30%         4
 Curse of Agony           Necr           15%        N/A       65%         5


Dungeon Overview and Level Annotations

Branches:
Dungeon (4/15)
 Temple: D:4-7

Altars:


Innate Abilities, Weirdness & Mutations

You sometimes gain a little power by taking damage.


Message History

You hit the kobold.
You kill the kobold!
Casting: Necrotise (safe; 3% risk of failure)
Confirm with . or Enter, or press ? or * to list all spells.
You don't have enough magic to cast this spell.
Things that are here:
a +0 dagger; a kobold corpse You start resting.
An iguana comes into view.
An iguana is nearby!
An iguana is nearby!
The iguana hisses angrily.
You start resting.
An iguana is nearby!
Casting: Necrotise (safe; 3% risk of failure)
Confirm with . or Enter, or press ? or * to list all spells.
Aiming: Necrotise (safe; 3% risk of failure)
Press: ? - help, Shift-Dir - straight line, f - iguana
Aim: an iguana (chance to affect: 79%)
The iguana writhes in agony.
Casting: Necrotise (safe; 3% risk of failure)
Confirm with . or Enter, or press ? or * to list all spells.
You don't know that spell.
Casting: Necrotise (safe; 3% risk of failure)
Confirm with . or Enter, or press ? or * to list all spells.
Aiming: Necrotise (safe; 3% risk of failure)
Press: ? - help, Shift-Dir - straight line, f/p - iguana
Aim: an iguana (lightly wounded, chance to affect: 79%)
The iguana writhes in agony.
The iguana bites you!
Ouch! That really hurt!
* * * LOW HITPOINT WARNING * * *
You focus on the pain.
You feel very mighty all of a sudden.
Casting: Necrotise (safe; 3% risk of failure)
Confirm with . or Enter, or press ? or * to list all spells.
Aiming: Necrotise (safe; 3% risk of failure)
Press: ? - help, Shift-Dir - straight line, f/p - iguana
Aim: an iguana (heavily wounded, chance to affect: 79%)
The iguana writhes in agony!
The iguana bites you!
You die...

##.. ... .../.....
..... ..## .. ....##..#
.. .......# ##.#
##..#.## # ##
...##....).### ..
#.#####.##.......?#
...##...@##..##.......#
#......l###.......##..#
#........##.........###
.........##.........#
.........#>......#.##
..##.#.......####### .
...#...#..## #...
##.##### ##.. ...#


You could see an iguana.

Vanquished Creatures
  A dart slug (D:1)
  2 endoplasms (D:1)
  4 giant cockroaches (D:1)
  2 goblins (D:1)
  2 hobgoblins (D:1)
  A quokka (D:1)
  4 ball pythons (D:1)
  A frilled lizard (D:1)
  2 kobolds
  3 rats (D:1)
22 creatures vanquished.

Notes
Turn   | Place    | Note
-------+----------+-------------------------------------------
     0 | D:1      | PaiMei the Demonspawn Necromancer began the quest for the
                  | Orb.
     0 | D:1      | Reached XP level 1. HP: 13/13 MP: 3/3
   208 | D:1      | Gained mutation: You sometimes gain a little power by
                  | taking damage. [demonic ancestry]
   208 | D:1      | Reached XP level 2. HP: 19/19 MP: 1/5
  1172 | D:2      | You fall into a shaft and drop 2 floors!
  1220 | D:4      | Slain by an iguana

Illustrated notes

Levels and vault maps discovered:
D:1:      dpeg_arrival_orchard, layout_basic, minmay_worlds_worst_comb
D:2:      layout_loops_ring, serial_shops, nicolae_shop_tiny_statue_garden,
          kennysheep_path_1, uniq_robin, uniq_crazy_yiuf_cottage
D:4:      layout_cave_pools, kennysheep_big_empty_room

Skill      XL: |  1 |
---------------+----+-----
Stealth        | 2 |  2.2
Dodging        | 2 |  2.1
Spellcasting   | |  2.3
Necromancy     | |  4.6

Action                     || total
---------------------------++-------
  Melee: Unarmed           ||     6
         Hand axe          ||    12
   Cast: Necrotise         ||    43
 Armour: Robe              ||    18
  Dodge: Dodged            ||    14
